 Dungeon Crawl Stone Soup version 0.27-a0-637-g3a9f0a9c12 (webtiles) character file.

Game seed: 615596761169776602

53 Egg the Chiller (level 3, 0/21 HPs)
             Began as an Octopode Ice Elementalist on Mar 15, 2021.
             Killed from afar by Ijyb (7 damage)
             ... with a puff of flame
             ... on level 3 of the Dungeon.
             The game lasted 00:03:21 (2255 turns).

Egg the Chiller (Octopode Ice Elementalist)         Turns: 2255, Time: 00:03:22

Health: 0/21       AC:  1    Str:  7    XL:     3   Next: 89%
Magic:  3/6        EV: 13    Int: 18    God:
Gold:   97         SH:  5    Dex: 12    Spells: 2/6 levels left

rFire    . . .     SeeInvis .   d - +2 hand axe (flame)
rCold    . . .     Faith    .   (no shield)
rNeg     . . .     Spirit   .   (helmet restricted)
rPois    .         Reflect  +   h - amulet of reflection
rElec    .         Harm     .   (no ring)
rCorr    .         Rampage  .   (no ring)
Will     .....                  (no ring)
Stlth    +++.......             (no ring)
HPRegen  0.07/turn              (no ring)
MPRegen  0.10/turn              (no ring)
                                (no ring)
                                (no ring)

@: frozen ramparts
A: almost no armour, amphibious, 8 rings, camouflage 1, gelatinous body 1,
nimble swimmer 1, tentacles
a: no special abilities


You were on level 3 of the Dungeon.
You visited 1 branch of the dungeon, and saw 3 of its levels.

You collected 97 gold pieces.

Inventory:

Hand Weapons
 a - a +0 mace
 d - a +2 hand axe of flaming (weapon)
Jewellery
 h - an amulet of reflection (around mantle)
Potions
 b - a potion of heal wounds
 e - a potion of berserk rage


   Skills:
 - Level 2.0 Dodging
 - Level 2.6 Stealth
 - Level 2.0 Spellcasting
 * Level 5.4 Ice Magic


You had 2 spell levels left.
You knew the following spells:

 Your Spells              Type           Power      Damage    Failure   Level
a - Freeze                Ice            84%        1d10      1%          1
b - Frozen Ramparts       Ice            42%        1d6       6%          3

Your spell library contained the following spells:

 Spells                   Type           Power      Damage    Failure   Level
 Ozocubu's Armour         Ice            21%        N/A       6%          3
 Hailstorm                Conj/Ice       11%        3d5       52%         4
 Summon Ice Beast         Ice/Summ       11%        N/A       52%         4


Dungeon Overview and Level Annotations

Branches:
Dungeon (3/15)

Altars:
Dithmenos

Annotations:
D:3 Ijyb


Innate Abilities, Weirdness & Mutations

You cannot wear most types of armour.
You are amphibious.
You can wear up to eight rings at the same time.
Your skin changes colour to match your surroundings (Stealth+).
Your rubbery body absorbs attacks. (AC +1, EV +1)
You are stealthy while swimming. (Stealth+)
You have tentacles for arms and can constrict up to eight enemies at once.


Message History

Found a scroll labelled DUSORU WUKINE.
Ijyb the Twisted Goblin comes into view.
She is carrying a wand of flame (26).
Found 4 gold pieces.
Found a stone staircase leading down.
The helpless rat fails to defend itself.
You hit the rat. You burn the rat.
You kill the rat!
Ijyb shouts!
You hear a shout! x3
A rat comes into view.
An adder comes into view.
You see here a rat corpse.
You closely miss the rat. Your grab misses the rat. The rat closely misses you.
You hit the rat. You burn the rat.
You kill the rat!
Ijyb zaps a wand.
The puff of flame hits you!
You see here a rat corpse.
A kobold comes into view. It is wielding a +0 short sword.
Casting: Freeze (safe; 1% risk of failure)
Confirm with . or Enter, or press ? or * to list all spells.
Aiming: Freeze (safe; 1% risk of failure)
Press: ? - help, Shift-Dir - straight line, f - Ijyb
Aim: Ijyb, wearing a +0 ring mail and carrying a wand of flame (25)
Okay, then.
Casting: Freeze (safe; 1% risk of failure)
Confirm with . or Enter, or press ? or * to list all spells.
You don't know that spell.
There are monsters nearby!
Okay, then.
Casting: Freeze (safe; 1% risk of failure)
Confirm with . or Enter, or press ? or * to list all spells.
The spell is quite dangerous to cast (6% risk of failure)!
Continue anyway?
Casting: Frozen Ramparts (quite dangerous; 6% risk of failure)
Press: ? - help, Dir - look around, f - activate The walls around you are covered in ice.
The wall freezes Ijyb.
Ijyb hits you.
The wall freezes the kobold.
You kill the kobold!
You hit Ijyb but do no damage. You grab Ijyb.
Ijyb is moderately wounded.
You constrict Ijyb, but do no damage.
The wall freezes Ijyb.
Ijyb hits you.
The wall freezes Ijyb.
Ijyb zaps a wand.
The puff of flame hits you!
You die...

# ############..
##............. ..
#............ S..
...........# #...
###.......# ###....
#.......#####..... ...
.......<......#######....
###.######.....g@..)...#
# #......†..>.###
###...†.......#
...............#
#..........?....#
..##.#..........# #
S.........###...
.......?##.# .###
..$......#.# #


You could see Ijyb.

Vanquished Creatures
  An adder (D:2)
  2 oozes (D:2)
  A dart slug (D:1)
  A leopard gecko (D:1)
  4 bats
  4 goblins
  5 hobgoblins
  2 jackals (D:1)
  A quokka (D:2)
  5 frilled lizards
  2 kobolds
  6 rats
34 creatures vanquished.

Notes
Turn   | Place    | Note
-------+----------+-------------------------------------------
     0 | D:1      | Egg the Octopode Ice Elementalist began the quest for the
                  | Orb.
     0 | D:1      | Reached XP level 1. HP: 11/11 MP: 3/3
   327 | D:1      | Reached XP level 2. HP: 17/17 MP: 5/5
  1001 | D:2      | Reached XP level 3. HP: 16/21 MP: 6/6
  1098 | D:2      | Reached skill level 5 in Ice Magic
  1429 | D:2      | Learned a level 3 spell: Frozen Ramparts
  2123 | D:2      | Found a shadowy altar of Dithmenos.
  2244 | D:3      | Noticed Ijyb
  2255 | D:3      | Killed from afar by Ijyb

Illustrated notes

Levels and vault maps discovered:
D:1:      lightli_arrival_quake, layout_basic, item_on_display_a
D:2:      layout_basic, lemuel_round_altar
D:3:      layout_rooms, lemuel_coloured_pillars_altar, uniq_ijyb

Skill      XL: |  1  2  3 |
---------------+----------+-----
Ice Magic      | 5 |  5.4
Dodging        | |  2.0
Stealth        | |  2.6
Spellcasting   | |  2.0

Action                   || total
-------------------------++-------
Melee: Mace              ||    29
       Constrict         ||    17
       Tentacles         ||    10
       Unarmed           ||     2
       Hand axe          ||    41
 Cast: Freeze            ||     1
       Frozen Ramparts   ||     1
  Use: Scroll            ||     6
 Stab: Sleeping          ||    10
Armor: Skin              ||     5
Dodge: Dodged            ||    51

Table legend: (Time is in decaauts)
 A = Elapsed time spent in this place.
 B = Non-inter-level travel time spent in this place.
 C = Inter-level travel time spent in this place.
 D = Time resting spent in this place.
 E = Time spent auto-exploring this place.
 F = Levels seen in this place.
 G = Mean time per level.
                   A        B        C        D        E       F      G
               +--------+--------+--------+--------+--------+-----+--------+
         Total |   2277 |   2222 |     55 |      0 |   1884 |   3 |  759.0 |
       Dungeon |   2277 |   2222 |     55 |      0 |   1884 |   3 |  759.0 |
               +--------+--------+--------+--------+--------+-----+--------+

Top non-repeatable levels by time:
     D:2: 1275 daAuts
     D:1: 983 daAuts
     D:3: 17 daAuts
